 Dungeon Crawl Stone Soup version 0.28-a0-1567-g1695149f81 (webtiles) character file.

Game seed: 1734428091392330887

340 Pin the Covered (level 6, -1/51 HPs)
             Began as a Hill Orc Monk on Jan 20, 2022.
             Slain by an orc warrior (9 damage)
             ... on level 3 of the Dungeon.
             The game lasted 00:09:38 (4189 turns).

Pin the Covered (Hill Orc Monk)                     Turns: 4189, Time: 00:09:39

Health: -1/51      AC: 10    Str: 22    XL:     6   Next: 56%
Magic:  6/6        EV: 11    Int: 10    God:
Gold:   118        SH:  0    Dex: 16    Spells: 5/5 levels left

rFire   + . .      SeeInvis .   a - +0 hand axe
rCold   . . .      Faith    .   (no shield)
rNeg    . . .      Spirit   .   d - +0 scale mail
rPois   .          Reflect  .   m - +1 helmet of Gallantry {Contam rF+ Dex+3}
rElec   .          Harm     .   (no cloak)
rCorr   .          Rampage  .   (no gloves)
Will    .....                   (no boots)
Stlth   +.........              (no amulet)
HPRegen 0.17/turn               r - +6 ring of strength
MPRegen 0.10/turn               (no ring)

@: no status effects
A: no striking features
a: no special abilities


You were on level 3 of the Dungeon.
You visited 1 branch of the dungeon, and saw 4 of its levels.

You collected 118 gold pieces.

Inventory:

Hand Weapons
 a - a +0 hand axe (weapon)
Armour
 d - a +0 scale mail (worn)
 m - the +1 helmet of Gallantry (worn) {Contam rF+ Dex+3}
   (You found it on level 2 of the Dungeon)

   Dex:       It affects your dexterity (+3).
   rF:        It protects you from fire.
   Contam:    It causes magical contamination when unequipped.
Jewellery
 r - a +6 ring of strength (left hand)
Wands
 q - a wand of iceblast (1)
Scrolls
 c - a scroll of enchant armour {unknown}
 f - a scroll of noise {unknown}
 h - a scroll of vulnerability {unknown}
 j - 4 scrolls of identify {unknown}
 l - a scroll of immolation {unknown}
 n - a scroll of silence {unknown}
 o - a scroll of fear {unknown}
Potions
 b - 2 potions of haste {unknown}
 e - a potion of mutation {unknown}
 g - a potion of magic {unknown}
 i - a potion of curing {unknown}
 k - a potion of flight {unknown}
 p - a potion of lignification {unknown}


   Skills:
 - Level 3.6 Fighting
 - Level 4.0 Axes
 + Level 7.0 Armour
 - Level 2.4 Dodging
 - Level 1.5 Stealth


You had 5 spell levels left.
You didn't know any spells.
Your spell library contained the following spells:

 Spells                   Type           Power      Damage    Failure   Level
 Portal Projectile        Hex/Tloc       0%         N/A       95%         3
 Tukima's Dance           Hex            0%         N/A       95%         3
 Anguish                  Hex/Necr       0%         N/A       100%        4
 Yara's Violent Unravell  Hex/Tmut       0%         3d3       100%        5
 Enfeeble                 Hex            0%         N/A       100%        7
 Summon Horrible Things   Summ           0%         N/A       100%        8


Dungeon Overview and Level Annotations

Branches:
Dungeon (4/15)             Temple (0/1) D:4

Altars:
Elyvilon
Kikubaaqudgha
Nemelex Xobeh
Vehumet

Shops:
D:4 *

Annotations:
D:4 2 transporters


Message History

You slash the orc warrior!
The orc warrior is moderately wounded.
The orc warrior barely misses you.
You barely miss the orc warrior.
The orc warrior is moderately wounded.
The orc warrior hits you but does no damage.
You hit the orc warrior.
The orc warrior is heavily wounded.
The orc warrior hits you with a +0 short sword.
* * * LOW HITPOINT WARNING * * *
You hit the orc warrior but do no damage.
The orc warrior is heavily wounded.
The orc warrior hits you with a +0 short sword.
* * * LOW HITPOINT WARNING * * *
You hit the orc warrior but do no damage.
The orc warrior is heavily wounded.
The orc warrior hits you with a +0 short sword.
* * * LOW HITPOINT WARNING * * *
You hit the orc warrior but do no damage.
The orc warrior is heavily wounded.
The orc warrior barely misses you.
You hit the orc warrior but do no damage.
The orc warrior is heavily wounded.
The orc warrior barely misses you.
The orc warrior hits you but does no damage.
You hit the orc warrior but do no damage.
The orc warrior is heavily wounded.
The orc warrior hits you but does no damage.
You hit the orc warrior but do no damage.
You punch the orc warrior, but do no damage.
The orc warrior is heavily wounded.
The orc warrior hits you with a +0 short sword.
* * * LOW HITPOINT WARNING * * *
You barely miss the orc warrior.
The orc warrior is heavily wounded.
The orc warrior hits you but does no damage.
You closely miss the orc warrior.
The orc warrior is heavily wounded.
The orc warrior hits you with a +0 short sword!
You die...

...###..........##
##.# #####.#..###
#.# #..##..# #.#
#.####.##
#.######.#
#..#######
##.##..>..##
##.......##
#..#.......##
##.......##
#.#.........#
#..o......#
#.#.........#
#.@.......#
#.#.........#
#.........#
..#.........#
#..<......#
.##.........#
#.........#
.#.........##
#.........#
#...........#
#.........#
..#.........#
#.........#
###.........#
#.........#
#.........#
#.........#


You could see an orc warrior.

Vanquished Creatures
  2 hounds (D:4)
  2 orc wizards
  Natasha (thrice) (D:2)
  Robin (D:2)
  4 gnolls (D:4)
  3 adders
  A dart slug (D:4)
  4 orcs (D:4)
  5 ball pythons
  3 bats
  7 endoplasms
  A giant cockroach (D:3)
  13 goblins
  7 hobgoblins
  3 jackals (D:2)
  9 kobolds
  2 quokkas
  5 frilled lizards
  7 rats
82 creatures vanquished.

Vanquished Creatures (others)
  2 plants (D:1)
2 creatures vanquished.

Grand Total: 84 creatures vanquished

Notes
Turn   | Place    | Note
-------+----------+-------------------------------------------
     0 | D:1      | Pin the Hill Orc Monk began the quest for the Orb.
     0 | D:1      | Reached XP level 1. HP: 19/19 MP: 1/1
    25 | D:1      | Reached skill level 1 in Armour
   295 | D:1      | Reached XP level 2. HP: 19/26 MP: 2/2
   313 | D:1      | Reached skill level 2 in Armour
   883 | D:1      | Got Qair's Compendium of Ensnaring Calling
   955 | D:1      | Reached XP level 3. HP: 31/31 MP: 3/3
  1046 | D:1      | Found a faded altar of an unknown god.
  1143 | D:1      | Reached skill level 3 in Armour
  1438 | D:2      | Noticed Natasha
  1456 | D:2      | Killed Natasha
  1457 | D:2      | Reached XP level 4. HP: 16/39 MP: 4/4
  1706 | D:2      | Reached skill level 4 in Armour
  1723 | D:2      | Noticed Natasha
  1732 | D:2      | Killed Natasha
  1775 | D:2      | Noticed Natasha
  1794 | D:2      | Killed Natasha
  1795 | D:2      | Reached skill level 5 in Armour
  1795 | D:2      | Reached XP level 5. HP: 14/45 MP: 5/5
  2101 | D:2      | Noticed Robin
  2118 | D:2      | Killed Robin
  2452 | D:2      | Identified the +1 helmet of Gallantry {Contam rF+ Dex+3}
  3024 | D:4      | Found a radiant altar of Vehumet.
  3041 | D:4      | Reached skill level 6 in Armour
  3291 | D:4      | Found an ancient bone altar of Kikubaaqudgha.
  3293 | D:4      | Found a white marble altar of Elyvilon.
  3294 | D:4      | Found a sparkling altar of Nemelex Xobeh.
  3358 | D:4      | Reached XP level 6. HP: 34/51 MP: 6/6
  3817 | D:4      | Found Ofreidda's Fire Supplies.
  4025 | D:4      | Found a transporter.
  4047 | D:4      | Found a staircase to the Ecumenical Temple.
  4060 | D:4      | Reached skill level 7 in Armour
  4099 | D:4      | Found a transporter.
  4109 | D:4      | Noticed an orc warrior
  4189 | D:3      | Slain by an orc warrior

Illustrated notes

Levels and vault maps discovered:
D:1:      lemuel_arrival_cross, layout_rooms, serial_forest,
          infiniplex_forest_lined_corner, infiniplex_forest_lined_1,
          infiniplex_forest_clump_large, infiniplex_forest_lined_room_2,
          infiniplex_forest_clump_curved, infiniplex_forest_straight_4,
          hellmonk_ecumenical_altar_prayer_group, minivault_4,
          nicolae_figureground_sparkle
D:2:      layout_rooms, uniq_robin, uniq_natasha
D:3:      layout_rooms, serial_curves, eino_curves_03, eino_curves_04
D:4:      gammafunk_wand_slinger, layout_cave_pools, grunt_temple_overflow_open,
          temple_pool_b, nicolae_shop_fire_sale [nicolae_sub_dead_trees],
          minmay_misc_feat_square

Skill      XL: |  1  2  3  4  5  6 |
---------------+-------------------+-----
Armour         | 1 2 3 5 6 7 |  7.0
Fighting       | |  3.6
Axes           | |  4.0
Dodging        | |  2.4
Stealth        | |  1.5

Action                   |  1- 3 |  4- 6 || total
-------------------------+-------+-------++-------
Melee: Hand axe          |   100 |   177 ||   277
       Punch             |       |     3 ||     3
 Stab: Sleeping          |     1 |       ||     1
Armor: Scale mail        |    27 |   117 ||   144
       Robe              |     2 |       ||     2
Dodge: Dodged            |    48 |   114 ||   162

Table legend: (Time is in decaauts)
 A = Elapsed time spent in this place.
 B = Non-inter-level travel time spent in this place.
 C = Inter-level travel time spent in this place.
 D = Time resting spent in this place.
 E = Time spent auto-exploring this place.
 F = Levels seen in this place.
 G = Mean time per level.
                   A        B        C        D        E       F      G
               +--------+--------+--------+--------+--------+-----+--------+
         Total |   4252 |   4218 |     34 |   1770 |   1641 |   4 | 1063.0 |
       Dungeon |   4252 |   4218 |     34 |   1770 |   1641 |   4 | 1063.0 |
               +--------+--------+--------+--------+--------+-----+--------+

Top non-repeatable levels by time:
     D:1: 1622 daAuts
     D:2: 1067 daAuts
     D:4: 794 daAuts
     D:3: 768 daAuts
